 Dungeon Crawl Stone Soup version 0.27.1-34-g3ba077fa99 (webtiles) character file.

Game seed: 10561488835881669773

156 sankara the Chopper (level 5, -1/45 HPs)
             Began as a Hill Orc Fighter on Jan 18, 2022.
             Slain by an orc wizard (2 damage)
             ... on level 3 of the Dungeon.
             The game lasted 00:05:21 (2409 turns).

sankara the Chopper (Hill Orc Fighter)              Turns: 2409, Time: 00:05:21

Health: -1/45      AC:  6    Str: 19    XL:     5   Next: 38%
Magic:  5/5        EV:  8    Int: 14    God:
Gold:   138        SH:  9    Dex: 11    Spells: 4/4 levels left

rFire    . . .     SeeInvis .   a - +0 war axe
rCold    . . .     Faith    .   c - +0 kite shield
rNeg     . . .     Spirit   .   v - +3 leather armour {rPois}
rPois    +         Reflect  .   (no helmet)
rElec    .         Harm     .   (no cloak)
rCorr    .         Rampage  .   (no gloves)
Will     .....                  (no boots)
Stlth    +.........             (no amulet)
HPRegen  0.15/turn              i - +6 ring of intelligence
MPRegen  0.09/turn              (no ring)

@: no status effects
A: no striking features
a: no special abilities


You were on level 3 of the Dungeon.
You visited 1 branch of the dungeon, and saw 3 of its levels.

You collected 138 gold pieces.

Inventory:

Hand Weapons
 a - a +0 war axe (weapon)
Missiles
 e - 122 stones (quivered)
 j - 30 sling bullets
 l - 8 datura-tipped darts
 p - a throwing net
 u - 13 poisoned darts
Armour
 b - a +0 scale mail
 c - a +0 kite shield (worn)
 v - a +3 leather armour of poison resistance (worn)
Jewellery
 i - a +6 ring of intelligence (left hand)
Scrolls
 f - 3 scrolls of identify {unknown}
 h - a scroll of amnesia {unknown}
 n - a scroll of noise {unknown}
 o - a scroll of magic mapping {unknown}
 q - a scroll of immolation {unknown}
Potions
 d - a potion of might
 g - a potion of berserk rage {unknown}
 k - a potion of heal wounds {unknown}
 m - 2 potions of ambrosia {unknown}
 r - a potion of flight {unknown}
 s - a potion of haste {unknown}
 t - a potion of invisibility {unknown}


   Skills:
 + Level 3.6 Fighting
 * Level 5.4 Axes
 + Level 4.2 Armour
 + Level 0.0 Dodging
 + Level 4.2 Shields


You had 4 spell levels left.
You didn't know any spells.
Your spell library contained the following spells:

 Spells                   Type           Power      Damage    Failure   Level
 Animate Skeleton         Necr           0%         N/A       80%         1
 Pain                     Necr           0%         1d4       80%         1
 Vampiric Draining        Necr           0%         2d6       99%         3


Dungeon Overview and Level Annotations

Branches:
Dungeon (3/15)

Altars:
Hepliaklqana

Shops:
D:1 ((*


Message History

The orc wizard casts a spell at you. The magic dart hits you!
You slash the orc!
You kill the orc!
You slash the orc wizard!
The orc wizard hits you but does no damage.
The orc wizard gestures wildly while chanting.
The orc wizard flickers and vanishes!
Deactivating autopickup; reactivate with Ctrl-A.
Things that are here:
a +0 whip; an orc corpse Something completely misses you.
You closely miss something. Something hits you.
You hear some strange, mumbled words.
A puff of flame appears from out of thin air!
The puff of flame hits you.
* * * LOW HITPOINT WARNING * * *
Your shield prevents you from hitting something.
You hear some strange, mumbled words.
You are confused.
There is a stone staircase leading up here.
You hear some strange, mumbled words.
A puff of flame appears from out of thin air!
The puff of flame hits you.
* * * LOW HITPOINT WARNING * * *
Things that are here:
a +0 whip; an orc corpse You hear some strange, mumbled words.
A puff of flame appears from out of thin air!
The puff of flame hits you.
* * * LOW HITPOINT WARNING * * *
Something completely misses you.
You completely miss something.
You feel less confused.
You hear some strange, mumbled words.
A magic dart appears from out of thin air!
The magic dart hits you.
* * * LOW HITPOINT WARNING * * *
You hit something but do no damage. Something hits you.
You die...

.......# #......#
#......# #.)....#
####......# .....
##.........# .....##
#..#.......# ...#...
####..........# ......
.#......@......#
.....##.........){.....#
...# .. .##......<..####
..##.# .........)...#
..[..# ####..........#
..#### #.............#
...#####.##..........#
.........###.........#
.<.#...........).....#


There were no monsters in sight!

Vanquished Creatures
  An orc priest (D:2)
  An orc wizard (D:3)
  3 adders (D:2)
  3 worms (D:2)
  3 dart slugs
  7 orcs
  2 bats (D:1)
  5 endoplasms
  A giant cockroach (D:2)
  3 goblins
  2 hobgoblins (D:1)
  7 kobolds
  4 quokkas
  2 ball pythons (D:2)
  5 frilled lizards (D:1)
  6 rats
55 creatures vanquished.

Notes
Turn   | Place    | Note
-------+----------+-------------------------------------------
     0 | D:1      | sankara the Hill Orc Fighter began the quest for the Orb.
     0 | D:1      | Reached XP level 1. HP: 19/19 MP: 1/1
   151 | D:1      | Reached skill level 3 in Axes
   399 | D:1      | Found Buag's General Store.
   402 | D:1      | Reached XP level 2. HP: 26/26 MP: 2/2
   732 | D:1      | Found a faded altar of an unknown god.
   738 | D:1      | Found Qivu Bei's Weapon Boutique.
   742 | D:1      | Reached XP level 3. HP: 27/31 MP: 3/3
   842 | D:1      | Found Oneaceuwk's Antique Weapon Shoppe.
   953 | D:2      | Reached skill level 4 in Axes
  1161 | D:2      | Reached XP level 4. HP: 39/39 MP: 4/4
  1323 | D:2      | Found a hazy altar of Hepliaklqana.
  1966 | D:3      | Reached skill level 5 in Axes
  1966 | D:3      | Reached XP level 5. HP: 38/45 MP: 5/5
  2090 | D:2      | HP: 1/45 [orc (6)]
  2406 | D:3      | HP: 2/45 [something/puff of flame (4)]
  2409 | D:3      | Slain by an orc wizard

Illustrated notes

Levels and vault maps discovered:
D:1:      matt_arrival_los_fun, layout_basic, shapermc_ecumenical_altar_venn,
          serial_shops, shop, nicolae_shop_waterfront,
          nicolae_shop_temple_entry_statues_fountains,
          chequers_decorated_corner, minmay_pentomino_o2
D:2:      layout_rooms, basic_altar, st_stairs_12
D:3:      layout_rooms, nicolae_overflow_hidden_temple, uniq_crazy_yiuf_cottage,
          uniq_grinder

Skill      XL: |  1  2  3  4 |
---------------+-------------+-----
Axes           | 3 4 5 |  5.4
Armour         | 4 |  4.2
Shields        | 4 |  4.2
Fighting       | |  3.6

Action                   |  1- 3 |  4- 6 || total
-------------------------+-------+-------++-------
Melee: War axe           |    98 |    59 ||   157
Armor: Scale mail        |    36 |    16 ||    52
       Leather armour    |       |     2 ||     2
Dodge: Dodged            |    31 |    24 ||    55
Block: Kite shield       |    46 |    30 ||    76
